 Dungeon Crawl Stone Soup version 0.31-a0-986-g5e6e4ef867 (webtiles) character file.

Game seed: 12481428902704000865

214 ytrimaz the Sneak (level 5, 0/33 HPs)
             Began as an Octopode Shapeshifter on Nov 3, 2023.
             Slain by an orc
             ... wielding a +0 trident
              (8 damage)
             ... on level 4 of the Dungeon.
             The game lasted 00:03:15 (2805 turns).

ytrimaz the Sneak (Octopode Shapeshifter)           Turns: 2805, Time: 00:03:16

Health: 0/33       AC:  1    Str: 14    XL:     5   Next: 91%
Magic:  5/5        EV: 13    Int: 12    God:
Gold:   163        SH:  0    Dex: 13    Spells: 4/4 levels left

rFire   . .          .
                       - Unarmed
rCold   . . .        (no shield)
rNeg    . . .        (helmet currently unavailable)
rPois   .            (no amulet)
rElec   .            (no ring)
rCorr   .            (no ring)
SInv    .            (no ring)
Will    .....        (no ring)
Stlth   ++++         (no ring)
HPRegen 0.25/turn    (no ring)
MPRegen 0.09/turn    (no ring)
                     (no ring)

%: random rage (3%)
@: beast-form, on berserk cooldown, slowed, very slow
A: beast (slay +2), almost no armour, amphibious, 8 rings, camouflage 1,
gelatinous body 1, (nimble swimmer 1), tentacles, berserk 1, wild magic 1
a: Begin Untransformation


You were on level 4 of the Dungeon.
You were a hulking beast.
You visited 1 branch of the dungeon, and saw 4 of its levels.

You collected 163 gold pieces.


Innate Abilities, Weirdness & Mutations

You are a hulking beast.
Your limbs bulge with bestial killing power. (Slay +2)
You cannot wear most types of armour.
You are amphibious.
You can wear up to eight rings at the same time.
Your skin changes colour to match your surroundings (Stealth+).
Your rubbery body absorbs attacks. (AC +1, EV +1)
((You are camouflaged when in or above water. (Stealth+)))
You have tentacles for arms and can constrict up to eight enemies at once.
You sometimes lose your temper in combat.
Your spells are a little harder to cast, but a little more powerful.


   Skills:
 - Level 1.0 Fighting
 - Level 2.0 Dodging
 + Level 5.4 Stealth
 - Level 3.0 Unarmed Combat
 + Level 4.7 Shapeshifting


You had 4 spell levels left.
You didn't know any spells.
Your spell library was empty.

Inventory:

Talismans
 b - a beast talisman
 c - a flux talisman
Scrolls
 e - a scroll of enchant armour {unknown}
 g - a scroll of identify {unknown}
 k - a scroll of brand weapon {unknown}
 l - 2 scrolls of enchant weapon {unknown}
 m - a scroll of teleportation {unknown}
 n - a scroll of revelation {unknown}
Potions
 a - a potion of lignification
 d - a potion of heal wounds {unknown}
 i - a potion of brilliance {unknown}
 j - a potion of attraction {unknown}

Dungeon Overview and Level Annotations

Branches:
Dungeon (4/15) Zot: 21199
 Temple: D:4-7

Altars:

......†..######.....###
####.##### ##...## ##.##
##.## ##...# #.#
##.###.## #)# #.## #.#
##'## #.# #.# ##...##
#.## ##.# ##.)...##
##.###..## ##..h....##
##......####...)o....#
#..........+.........+...
....
#.......####.........##.#
.#.# #.......#
##.......###.# .#.#
#.......# ##.....## #.#
##.#.# #.......# ##...##
#.# #..#.# #....<..#
##+## #.# #.##.#
#....†..# #.# #.# #.##.#


You could see an orc.


Message History

The orc hits you but does no damage. x4
The phantom hits you but does no damage.
Unknown command.
You closely miss the phantom. The orc hits you but does no damage. x4
The phantom hits you but does no damage.
Unknown command.
You miss the phantom. The orc hits you but does no damage.
The orc completely misses you. The orc hits you but does no damage. x2
The phantom hits you but does no damage.
A red film seems to cover your vision as you go berserk!
You feel yourself moving faster!
You feel mighty!
You smack the phantom!
The orc hits you from afar with a +0 trident.
* * * LOW HITPOINT WARNING * * *
The orc hits you but does no damage. x3; The phantom hits you.
* * * LOW HITPOINT WARNING * * *
😱 HP[+1]
You now have 73 max hp (+24).
You smack the phantom!
You destroy the phantom!
The orc hits you but does no damage. x3
Your Stealth skill increases to level 5! 😱 HP[+1] Unknown command.
You cannot move.
You pummel the orc!!
You kill the orc!
The orc hits you but does no damage.
You pummel the hobgoblin!!
You kill the hobgoblin!
The orc hits you but does no damage. x3
Unknown command.
You cannot move.
You barely miss the orc. The orc hits you but does no damage. x2
You pummel the orc!!
You kill the orc!
The orc hits you but does no damage.
You cannot move.
You cannot move.
You pummel the orc!!
You kill the orc!
The orc hits you but does no damage. 😱 HP[+1]
You cannot move.
You cannot move.
Unknown command.
The orc hits you but does no damage.
You feel a strong urge to attack something.
The orc hits you from afar with a +0 trident.
* * * LOW HITPOINT WARNING * * *
😱 HP[-3]
You take 3 damage, and now have 9/73 hp.
Unknown command.
You feel your anger nearly subside.
You are no longer berserk.
You are exhausted.
You feel yourself slow down.
The orc hits you but does no damage. 😱 HP[-3]
You now have 49 max hp (-24).
The orc hits you from afar with a +0 trident.
* * * LOW HITPOINT WARNING * * *
😱 HP[-4]
You take 4 damage, and now have 2/49 hp.
Unknown command.
You feel better.
Your transformation is almost over.
The orc hits you but does no damage. x2 😱 HP[+10]
You regained 10 hp, and now have 12/49 hp.
The orc hits you but does no damage. 😨 HP[+1]
The orc hits you from afar with a +0 trident.
* * * LOW HITPOINT WARNING * * *
The orc hits you but does no damage. 😱 HP[-3]
You take 3 damage, and now have 10/49 hp.
Unknown command.
The orc hits you but does no damage.
Unknown command.
The orc hits you from afar with a +0 trident!
* * * LOW HITPOINT WARNING * * *
The orc hits you but does no damage. 😱 HP[-6]
You take 6 damage, and now have 4/49 hp.
Unknown command.
You feel better.
The orc hits you but does no damage. 😱 HP[+7]
You regained 7 hp, and now have 11/49 hp.
The orc barely misses you.
The orc hits you but does no damage. 😱 HP[+1] Unknown command.
You cannot move.
You cannot move.
Unknown command.
You feel less wooden.
You turn into a hulking beast.
The orc closely misses you. 😱 HP[-4]
You now have 33 max hp (-16).
Unknown command.
The orc closely misses you. The orc hits you with a +0 trident!
You die...

Skill      XL: |  1  2  3  4  5 |
---------------+----------------+-----
Stealth        | 1 2 3 4 5 |  5.4
Shapeshifting  | 4 |  4.7
Fighting       | |  1.0
Dodging        | |  2.0
Unarmed Combat | |  3.0

Action                     |  1- 3 |  4- 6 || total
---------------------------+-------+-------++-------
  Melee: Unarmed           |    86 |    39 ||   125
         Constrict         |    21 |     8 ||    29
         Tentacles         |    10 |     7 ||    17
         Punch             |     5 |       ||     5
    Use: Potion            |       |     5 ||     5
   Stab: Sleeping          |    19 |     3 ||    22
 Armour: Skin              |    32 |    84 ||   116
  Dodge: Dodged            |    49 |    24 ||    73

Levels and vault maps discovered:
D:1:      kb_arrival_jail, layout_loops_cross
D:2:      layout_loops_corners, ebering_ecumenical_altar_hall,
          chequers_arboretum
D:3:      layout_loops_corners
D:4:      layout_loops_corners, nicolae_tso_swordbearing_angel,
          mainiacjoe_overflow_cross_hatched

Notes
Turn   | Place    | Note
-------+----------+-------------------------------------------
     0 | D:1      | ytrimaz the Octopode Shapeshifter began the quest for the
                  | Orb.
     0 | D:1      | Reached XP level 1. HP: 13/13 MP: 1/1
     0 | D:1      | magus.rc [v1.9.6]
     2 | D:1      | Noticed a minotaur
     2 | D:1      | Noticed a draconian
     4 | D:1      | Noticed a demigod
     4 | D:1      | Noticed an ogre
     6 | D:1      | Noticed a human
     6 | D:1      | Noticed a demonspawn
     8 | D:1      | Noticed an elf
     8 | D:1      | Noticed a felid
    10 | D:1      | Noticed a ghoul
    10 | D:1      | Noticed an octopode
    12 | D:1      | Noticed a naga
    14 | D:1      | Noticed a troll
    14 | D:1      | Noticed a formicid
    16 | D:1      | Noticed a spriggan
    16 | D:1      | Noticed a meteoran
    19 | D:1      | Noticed a gargoyle
    21 | D:1      | Noticed a vine stalker
    21 | D:1      | Noticed a vampire
    23 | D:1      | Noticed a tengu
    25 | D:1      | Noticed a merfolk
    25 | D:1      | Noticed a meteoran
    27 | D:1      | Noticed a vampire
    27 | D:1      | Noticed a merfolk
    44 | D:1      | Reached skill level 1 in Stealth
    89 | D:1      | Reached XP level 2. HP: 15/18 MP: 2/2
   187 | D:1      | Reached skill level 2 in Stealth
   469 | D:1      | Reached XP level 3. HP: 23/23 MP: 3/3
   732 | D:1      | Reached skill level 3 in Stealth
   885 | D:2      | Found a faded altar of an unknown god.
  2009 | D:3      | Reached XP level 4. HP: 28/28 MP: 4/4
  2672 | D:4      | Reached skill level 4 in Stealth
  2672 | D:4      | Reached skill level 4 in Shapeshifting
  2704 | D:4      | Reached XP level 5. HP: 23/33 MP: 5/5
  2759 | D:4      | Noticed a phantom
  2774 | D:4      | HP: 6/33 [phantom (8)]
  2777 | D:4      | Gained mutation: Your spells are a little harder to cast,
                  | but a little more powerful. [potion of mutation]
  2777 | D:4      | Gained mutation: You sometimes lose your temper in combat.
                  | [potion of mutation]
  2779 | D:4      | HP: 12/49 [orc/+0 dagger (2)]
  2785 | D:4      | HP: 11/73 [orc/+0 trident (3)]
  2786 | D:4      | Killed a phantom
  2787 | D:4      | Reached skill level 5 in Stealth
  2794 | D:4      | HP: 9/73 [orc/+0 trident (3)]
  2796 | D:4      | HP: 2/49 [orc/+0 trident (5)]
  2801 | D:4      | HP: 4/49 [orc/+0 trident (7)]
  2805 | D:4      | Slain by an orc

Vanquished Creatures
  A phantom (D:4)
  2 hounds (D:4)
  A dart slug (D:1)
  4 orcs (D:4)
  6 bats
  7 endoplasms
  8 giant cockroaches
  6 goblins
  5 hobgoblins
  5 jackals
  A quokka (D:1)
  7 ball pythons
  4 frilled lizards
  6 kobolds
  3 rats
66 creatures vanquished.

Table legend:
 A = Non-vault XP
 B = Vault XP
 C = Vault XP percentage of total XP
 D = Non-vault monster count
 E = Vault monster count
 F = Vault count percentage of total count
                 A         B        C        D         E       F
            +---------+---------+-------+---------+---------+-------
      Total |     306 |       0 |   0.0 |      66 |       0 |   0.0
            +---------+---------+-------+---------+---------+-------
        D:1 |      57 |       0 |   0.0 |      33 |       0 |   0.0
        D:2 |      24 |       0 |   0.0 |      16 |       0 |   0.0
        D:3 |       7 |       0 |   0.0 |       4 |       0 |   0.0
        D:4 |     218 |       0 |   0.0 |      13 |       0 |   0.0
            +---------+---------+-------+---------+---------+-------

Skill      XL: |  1  2  3  4  5 |
---------------+----------------+-----
Stealth        | 1 2 3 4 5 |  5.4
Shapeshifting  | 4 |  4.7
Fighting       | |  1.0
Dodging        | |  2.0
Unarmed Combat | |  3.0

Action                     |  1- 3 |  4- 6 || total
---------------------------+-------+-------++-------
  Melee: Unarmed           |    86 |    39 ||   125
         Constrict         |    21 |     8 ||    29
         Tentacles         |    10 |     7 ||    17
         Punch             |     5 |       ||     5
    Use: Potion            |       |     5 ||     5
   Stab: Sleeping          |    19 |     3 ||    22
 Armour: Skin              |    32 |    84 ||   116
  Dodge: Dodged            |    49 |    24 ||    73

Illustrated notes

Table legend:
 A = Kills in this place as a percentage of kills in the entire game.
 B = Kills by you in this place as a percentage of kills by you in the entire game.
 C = Kills by friends in this place as a percentage of kills by friends in the entire game.
 D = Other kills in this place as a percentage of other kills in the entire game.
 E = Experience gained in this place as a percentage of experience gained in the entire game.
 F = Experience gained in this place divided by the number of levels of this place that you have seen.
                   A       B       C       D       E      F
               +-------+-------+-------+-------+-------+----------------------
         Total | 100.0 | 100.0 |   N/A |   N/A | 100.0 |  76.5
       Dungeon | 100.0 | 100.0 |   N/A |   N/A | 100.0 |  76.5
               +-------+-------+-------+-------+-------+----------------------

Table legend: (Time is in decaauts)
 A = Elapsed time spent in this place.
 B = Non-inter-level travel time spent in this place.
 C = Inter-level travel time spent in this place.
 D = Time resting spent in this place.
 E = Time spent auto-exploring this place.
 F = Levels seen in this place.
 G = Mean time per level.
                   A        B        C        D        E       F      G
               +--------+--------+--------+--------+--------+-----+--------+
         Total |   2798 |   2698 |    100 |      0 |   2250 |   4 |  699.5 |
       Dungeon |   2798 |   2698 |    100 |      0 |   2250 |   4 |  699.5 |
               +--------+--------+--------+--------+--------+-----+--------+

Top non-repeatable levels by time:
     D:2: 956 daAuts
     D:3: 821 daAuts
     D:1: 804 daAuts
     D:4: 217 daAuts
